 Dungeon Crawl Stone Soup version 0.31.0-9-g3a7656b989 (webtiles) character file.

Game seed: 16576128047835480946

2058480 kuniqs the Rapturous (level 27, 158/158 HPs)
             Began as a Vine Stalker Berserker on Feb 2, 2024.
             Was a Follower of Uskayaw.
             Escaped with the Orb
             ... and 3 runes
             ... and 1 gem!
             The game lasted 01:51:35 (51843 turns).

kuniqs the Rapturous (Vine Stalker Berserker)      Turns: 51843, Time: 01:51:36

Health: 158/158    AC: 38    Str: 29    XL:     27
Magic:  38/38      EV: 22    Int:  5    God:    Uskayaw [*.....]
Gold:   4955       SH: 38    Dex: 26    Spells: 26/26 levels left

rFire   + + .        a - +9 quick blade (elec)
rCold   + + .        E - +8 tower shield
rNeg    . . .        n - +8 plate armour of Tevvi {rF+ Dex+3}
rPois   +            v - +1 helmet of Midnight {*Slow rPois rC+ Regen+ rCorr}
rElec   +            P - +2 cloak {Will+}
rCorr   +            c - +2 pair of gloves
SInv    +            o - +0 pair of boots "Puf Odig" {rElec}
Will    +++++        K - amulet "Qaaramud" {Reflect Rampage Str+4 SH+5} Stlth
                     i - ring of Ottadon {^Drain rF+ rC+ rCorr}
HPRegen 2.06/turn    j - ring of see invisible
MPRegen 0.26/turn

%: slow self (1%), reflection, guardian spirit, rampage
@: studying Ice Magic
A: fangs 3, regeneration 1, magic shield, antimagic bite, no potion heal 2,
hooves 1, dopey 1, strong-willed 1, sense surroundings 1
0: Orb of Zot
}: 3/15 runes: decaying, serpentine, silver
a: Renounce Religion, Stomp


You escaped.
You worshipped Uskayaw.
Uskayaw was greatly pleased with you.
You visited 11 branches of the dungeon, and saw 51 of its levels.
You also visited: Trove, Ice Cave and Volcano.

You collected 8192 gold pieces.
You spent 3237 gold pieces at shops.

Inventory:

Hand Weapons
 a - a +9 quick blade of electrocution (weapon)
 h - the +4 quick blade of Spite {chaos, rN+ Int+3}
   (You bought it in a shop on level 4 of the Vaults)

   Int+3:     It affects your intelligence (+3).
   rN+:       It protects you from negative energy.
Missiles
 w - 7 throwing nets (quivered)
Armour
 c - a +2 pair of gloves (worn)
 e - the +2 pair of boots "Pauddil" {Harm rPois Will+}
   (You found it on level 3 of the Elven Halls)

   rPois:     It protects you from poison Will+: It increases your willpower.
   Harm:      It increases damage dealt and taken.
 n - the +8 plate armour of Tevvi (worn) {rF+ Dex+3}
   (You found it on level 1 of the Lair of Beasts)

   Dex+3:     It affects your dexterity (+3).
   rF+:       It protects you from fire.
 o - the +0 pair of boots "Puf Odig" (worn) {rElec}
   (You acquired it on level 11 of the Dungeon)

   rElec:     It insulates you from electricity.
 q - +0 gold dragon scales
 s - a +1 helmet of see invisible
 v - the +1 helmet of Midnight (worn) {*Slow rPois rC+ Regen+ rCorr}
   (You bought it in a shop on level 3 of the Elven Halls)

   rC+:       It protects you from cold.
   rPois:     It protects you from poison Regen+: It increases your rate of
   health regeneration.
   rCorr:     It protects you from acid and corrosion.
   *Slow:     It may slow you when you take damage.
 D - a +0 kite shield of positive energy
 E - a +8 tower shield (worn)
 P - a +2 cloak of willpower (worn)
Jewellery
 i - the ring of Ottadon (left hand) {^Drain rF+ rC+ rCorr}
   (You found it on level 3 of the Vaults)

   [ring of resist corrosion]

   rF+:       It protects you from fire.
   rC+:       It protects you from cold.
   rCorr:     It protects you from acid and corrosion.
   ^Drain:    It drains your maximum health when unequipped.
 j - a ring of see invisible (right hand)
 A - the ring "Cuozyis" {Ice rElec SInv}
   (You bought it in a shop on level 3 of the Elven Halls)

   [ring of ice]

   Ice:       It enhances your ice magic.
   rF-:       It makes you vulnerable to fire.
   rC+:       It protects you from cold.
   rElec:     It insulates you from electricity.
   SInv:      It lets you see invisible.
 K - the amulet "Qaaramud" (around neck) {Reflect Rampage Str+4 SH+5}
   (You acquired it on level 3 of the Elven Halls)

   [amulet of reflection]

   Reflect:   It reflects blocked missile attacks.
   Str+4:     It affects your strength (+4).
   SH+5:      It affects your SH (+5).
   Rampage:   It bestows one free step when moving towards enemies.
 W - the ring of Ohomu {Fly rCorr Int+2}
   (You found it on level 2 of the Swamp)

   [ring of flight]

   Int+2:     It affects your intelligence (+2).
   Fly:       It grants you flight.
   rCorr:     It protects you from acid and corrosion.
 X - the ring "Naif" {EV+5 Str+4}
   (You bought it in a shop on level 11 of the Dungeon)

   [ring of evasion]

   EV+5:      It affects your evasion (+5).
   Str+4:     It affects your strength (+4).
Wands
 B - a wand of digging (14)
 O - a wand of acid (23)
 Q - a wand of roots (80)
Scrolls
 k - 9 scrolls of fog
 m - 24 scrolls of teleportation
 p - 10 scrolls of blinking
 u - 13 scrolls of fear
 C - 4 scrolls of enchant weapon
 F - 8 scrolls of poison
 I - a scroll of silence
 L - 3 scrolls of brand weapon
 N - 6 scrolls of summoning
 R - 13 scrolls of immolation
Potions
 b - 7 potions of magic
 f - 12 potions of might
 g - 4 potions of attraction
 l - 24 potions of curing {@q1}
 r - 6 potions of enlightenment
 G - 3 potions of resistance
 H - 4 potions of haste
 J - 7 potions of berserk rage
 M - 5 potions of mutation
 S - 5 potions of invisibility
 Z - 5 potions of cancellation
Miscellaneous
 t - a lightning rod (4/4)
 x - a tin of tremorstones (inert)
 y - a phial of floods
 z - a phantom mirror
 V - a sack of spiders


   Skills:
 + Level 20.4 Fighting
 - Level 14.0 Short Blades
 + Level 18.1 Armour
 + Level 19.0 Dodging
 - Level 8.0 Stealth
 + Level 20.0 Shields
 + Level 21.7 Invocations
 - Level 5.0 Evocations


You had 26 spell levels left.
You didn't know any spells.
Your spell library was empty.

Dungeon Overview and Level Annotations

Branches:
Dungeon (15/15)            Temple (1/1) D:6            Lair (5/5) D:8
  Swamp (4/4) Lair:2        Snake (4/4) Lair:2        Slime (0/5) Lair:4
    Orc (2/2) D:11            Elf (3/3) Orc:2        Vaults (5/5) D:13
  Crypt (3/3) Vaults:2       Tomb (0/3) Crypt:3      Depths (4/4) D:15
    Zot (5/5) Depths:4      IceCv (visited)         Volcano (visited)

Altars:
Ashenzari
Cheibriados
Dithmenos
Elyvilon
Fedhas
Gozag
Hepliaklqana
Kikubaaqudgha
Makhleb
Nemelex Xobeh
Okawaru
Qazlal
Ru
Sif Muna
Trog
Uskayaw
Vehumet
Wu Jian
Xom
Yredelemnul
Zin
The Shining One
Jiyva

Shops:
D:11 :=   Orc:2 *=[([   Elf:3 ?*([[   Snake:2 ?   Vaults:4 ((=

Portals:
Hell: Depths:1 Depths:2 Depths:3 Depths:4
Abyss: Depths:1 Depths:3 Depths:4
Pandemonium: Depths:2
Ziggurat: Depths:1

Annotations:
D:7 1 runed translucent door, Crazy Yiuf
Lair:1 exclusion: oklob plant
Snake:3 Roxanne
Vaults:4 3 runed translucent doors, exclusion: obsidian statue, Angmar's ghost, veteran DrAE
Zot:3 4 transporters


Innate Abilities, Weirdness & Mutations

You have razor-sharp teeth.
Your natural rate of healing is unusually fast.
When hurt, damage is shared between your health and your magic reserves.
Your bite disrupts and absorbs the magic of your enemies.
Potions cannot restore your health.
You have large cloven feet.
You are dopey. (Int -2)
You are strong-willed. (Will+)
You passively map a small area around you.


Message History

A Tzitzimitl comes into view.
There is a stone staircase leading up here.
You climb upwards.
There is a stone staircase leading down here.
There is a stone staircase leading up here.
You climb upwards.
There is a stone staircase leading down here.
An Orb Guardian comes into view.
You block the Orb Guardian's attack.
You hit the Orb Guardian.
Lightning courses through the Orb Guardian!
You hit the Orb Guardian. You bite the Orb Guardian! You drain its power.
The Orb Guardian is moderately wounded.
You block the Orb Guardian's attack.
You hit the Orb Guardian. You bite the Orb Guardian. You drain its power.
You hit the Orb Guardian but do no damage.
Your bite misses the Orb Guardian.
The Orb Guardian is moderately wounded.
You block the Orb Guardian's attack.
You closely miss the Orb Guardian. You bite the Orb Guardian!
You drain its power.
You hit the Orb Guardian but do no damage.
Lightning courses through the Orb Guardian!!
Your bite misses the Orb Guardian.
The Orb Guardian is severely wounded.
You block the Orb Guardian's attack.
You can now pass through a line of other dancers.
You hit the Orb Guardian but do no damage.
Your bite misses the Orb Guardian. You hit the Orb Guardian.
Your bite misses the Orb Guardian.
The Orb Guardian is severely wounded.
You hit the Orb Guardian. You bite the Orb Guardian. You drain its power.
You hit the Orb Guardian but do no damage.
Lightning courses through the Orb Guardian!
You bite the Orb Guardian.
You kill the Orb Guardian!
No target in view!
There is an open door here.
There is a staircase leading out of the dungeon here.
You have escaped!

...####.#####..#.#...........####
...# #.# #..#.#...............
...# #.#####..#.................
...# #........#.................
...####........#.#............###
.).............#'##############
...####.......##.###
#(.......[....#♣.~.#
#.............'.@~.#
#.............#♣.≈P#
#.............##.###
#..............#'#
#................#
#........######### #........#
#........# #........#


There were no monsters in sight!

Vanquished Creatures
  3 dread liches
  An ancient lich (Vaults:5)
  Frederick (Depths:4)
  7 orbs of fire
  Mennas (Vaults:2)
  Mara (Swamp:4)
  Sojobo (Crypt:2)
  Josephina (Crypt:2)
  Xtahua (Vaults:2)
  Bai Suzhen (Swamp:4)
  Vv (Zot:2)
  13 Killer Klowns
  the Lernaean hydra (Swamp:4)
  Vashnia (Snake:2)
  Saint Roka (Elf:3)
  Nikola (Vaults:1)
  A curse toe (Zot:5)
  2 caustic shrikes (Depths:2)
  The ghost of Plog the Warrior, an adept DgCj (Depths:4)
  A bone dragon (Depths:4)
  12 golden dragons
  3 electric golems
  A Brimstone Fiend (Depths:1)
  2 Tzitzimimeh
  An Ice Fiend (Depths:4)
  Zenata (Elf:2)
  15 tentacled monstrosities
  Jorgrun (D:13)
  26 Orb Guardians
  A deep elf master archer (Elf:3)
  6 liches
  3 deep elf blademasters
  5 titans (Vaults:5)
  4 sphinxes
  Frances (Snake:2)
  2 Executioners
  Agnes (Snake:2)
  6 quicksilver dragons
  3 thorn hunters (Swamp:4)
  11 death cobs
  3 ancient champions
  Gastronok (D:12)
  9 tengu reavers
  13 storm dragons
  6 draconian knights
  Donald (Snake:2)
  4 revenants (Crypt:1)
  8 shadow dragons
  6 deep elf sorcerers
  11 protean progenitors
  3 draconian monks
  2 balrugs
  8 frost giants
  3 nagarajas
  2 emperor scorpions (Zot:1)
  18 vault wardens
  4 fire giants
  A ghost moth (Zot:2)
  8 draconian scorchers
  5 deep elf elementalists (Elf:3)
  2 reapers
  2 caustic shrike zombies (Crypt:3)
  A spriggan defender (Depths:3)
  7 draconian shifters
  4 draconian stormcallers
  3 draconian annihilators
  2 curse skulls (Crypt:3)
  3 quicksilver oozes
  33 stone giants
  4 ghouls (Crypt:2)
  19 very ugly things
  2 ironbound thunderhulks
  19 ironbound preservers
  A formless jellyfish (Vaults:3)
  17 green draconians
  19 vampire knights
  A juggernaut skeleton (Depths:1)
  9 deep elf death magi
  5 eleionomae
  15 yellow draconians
  9 red draconians
  8 black draconians
  3 war gargoyles
  5 deep elf annihilators
  3 deep elf demonologists
  6 bunyips
  9 purple draconians
  12 spark wasps
  9 white draconians
  Azrael (D:12)
  8 dire elephants
  A crystal guardian (Vaults:1)
  3 eidola
  3 blizzard demons (Depths:4)
  A fire dragon (Depths:4)
  12 ettins
  A green death (Depths:2)
  A mummy priest (Crypt:3)
  A shambling mangrove (Swamp:4)
  8 deep elf high priests
  An entropy weaver (Vaults:3)
  12 jiangshi
  15 hydras
  10 great orbs of eyes
  A fenstrider witch zombie (Crypt:1)
  6 yaktaur captains
  A sphinx zombie (Crypt:2)
  Fannar (Orc:1)
  Harold (Lair:1)
  Erolcha (Orc:1)
  2 salamander tyrants (Snake:4)
  4 spriggan zombies (Crypt:3)
  33 vault guards
  4 rakshasas (Depths:2)
  8 alligators
  6 ice dragons
  2 ogre magi
  5 spriggan air magi
  2 catoblepae
  8 ironbound frosthearts
  A ghost crab (Swamp:3)
  11 centaur warriors
  2 death knights
  A peacekeeper (Vaults:1)
  A juggernaut simulacrum (Depths:4)
  Erica (D:9)
  A fenstrider witch skeleton (Crypt:1)
  7 anacondas
  13 two-headed ogres
  4 death yaks
  23 dancing weapons
  5 deep troll shamans
  12 vampire magi
  An Orb Guardian skeleton (Crypt:1)
  6 boulder beetles
  13 naga warriors
  5 tengu warriors
  A sphinx skeleton (Vaults:2)
  8 deep troll earth magi
  A hell hog (Volcano)
  15 naga sharpshooters
  3 orc high priests
  5 spriggan berserkers
  A storm dragon zombie (Crypt:1)
  6 hell knights
  19 deep elf knights
  3 shock serpents
  6 iron trolls
  A fire crab (Lair:2)
  50 skeletal warriors
  2 salamander mystics
  Amaemon (Lair:1)
  8 goliath frogs
  2 titan skeletons (Crypt:1)
  7 flayed ghosts
  A bunyip zombie (Crypt:3)
  An orb spider (shapeshifter) (Vaults:5)
  4 shadow wraiths
  A golden dragon zombie (Crypt:3)
  7 deep elf archers
  3 orb spiders (Zot:5)
  An anaconda zombie (Crypt:3)
  6 mana vipers
  3 spriggan druids
  9 glowing orange brains
  3 arcanists
  5 bog bodies
  49 deep trolls
  3 steelbarb worms (Zot:3)
  22 lindwurms
  6 naga ritualists
  9 necromancers
  12 harpies
  24 phantasmal warriors
  A tengu zombie (Vaults:2)
  24 deep elf pyromancers
  11 swamp dragons
  5 orc knights
  20 ironbound convokers
  An iron dragon zombie (Crypt:1)
  26 deep elf zephyrmancers
  A cyclops (shapeshifter) (Vaults:2)
  15 ugly things
  2 manticores
  A sphinx simulacrum (Depths:4)
  8 orc sorcerers
  23 cyclopes
  5 salamanders
  Maurice (D:7)
  A fire giant zombie (Crypt:2)
  27 moths of wrath
  2 stone giant skeletons
  3 shining eyes (Zot:5)
  3 meliai (D:15)
  11 elephants
  3 guardian serpents
  16 vault sentinels
  21 naga magi
  3 will-o-the-wisps
  A fire giant skeleton (Crypt:1)
  3 kobold blastminers (Orc:2)
  A guardian serpent (shapeshifter) (Vaults:5)
  2 dire elephant zombies (Crypt:3)
  30 black mambas
  3 large abominations (Zot:2)
  2 ice statues (IceCv)
  3 smoke demons (Depths:2)
  A molten gargoyle (D:9)
  A water nymph (Snake:2)
  A naga zombie (Crypt:3)
  2 titan simulacra
  A torpor snail (Lair:1)
  An emperor scorpion simulacrum (Crypt:1)
  2 gargoyles
  16 cane toads
  An orange demon (Lair:1)
  A storm dragon simulacrum (Depths:1)
  Maggie (D:8)
  9 unseen horrors
  8 kobold demonologists
  A spark wasp simulacrum (Depths:1)
  Jeremiah (D:7)
  9 komodo dragons
  A tormentor (Depths:2)
  4 anaconda simulacra
  A yaktaur (shapeshifter) (Depths:2)
  23 yaktaurs
  9 freezing wraiths
  A death yak skeleton (Crypt:3)
  5 ice devils
  8 guardian mummies
  A harpy zombie (Crypt:1)
  18 trolls
  A red draconian skeleton (Crypt:2)
  A sea snake skeleton (Crypt:1)
  2 tengu conjurers (Depths:2)
  A white draconian skeleton (Crypt:1)
  A bloated husk (Swamp:4)
  A polar bear (shapeshifter) (Vaults:5)
  A golden dragon simulacrum (Depths:4)
  4 hornets
  A human skeleton (Vaults:2)
  21 polar bears
  A shadow dragon simulacrum (Crypt:2)
  A hydra zombie (Crypt:2)
  A tarantella (shapeshifter) (Vaults:5)
  An iron dragon simulacrum (Depths:4)
  15 blink frogs
  15 tyrant leeches
  A satyr zombie (Crypt:1)
  2 dream sheep (Zot:5)
  A dream sheep (shapeshifter) (Vaults:5)
  A hydra skeleton (Crypt:3)
  An ettin zombie (Crypt:3)
  36 slime creatures
  An air elemental (Elf:3)
  2 spriggans
  57 yaks
  2 shadows
  11 wraiths
  A dire elephant simulacrum (Crypt:2)
  A vampire (D:12)
  4 fire bats (Volcano)
  6 wyverns
  17 water elementals
  7 fire elementals
  6 golden eyes (D:13)
  2 basilisks
  A black mamba skeleton (Crypt:2)
  6 wargs
  4 steam dragons
  13 vampire mosquitoes
  A death yak simulacrum (D:13)
  57 nagas
  4 harpy simulacra (IceCv)
  A fire bat zombie (Crypt:3)
  A glowing shapeshifter zombie (Crypt:1)
  2 merfolk skeletons
  2 acid dragons
  19 swamp worms
  A hell hound (D:12)
  4 hydra simulacra
  11 water moccasins
  6 swamp drakes
  A two-headed ogre skeleton (Crypt:1)
  28 orc warriors
  17 black bears
  3 sky beasts
  A dream sheep zombie (Crypt:1)
  3 ice beasts
  4 boggarts (Vaults:1)
  6 laughing skulls (Crypt:3)
  32 ogres
  16 wolves
  A blink frog zombie (Crypt:2)
  13 centaurs
  A swamp dragon skeleton (Crypt:1)
  A centaur (shapeshifter) (Elf:3)
  10 kobold brigands
  A phantom (D:7)
  A salamander zombie (Crypt:2)
  17 bullfrogs
  A gnoll sergeant (D:7)
  A two-headed ogre simulacrum (D:13)
  An earth elemental (Elf:3)
  3 necrophages
  2 wyvern zombies (D:8)
  A scorpion (D:6)
  2 glowing shapeshifter simulacra (Depths:4)
  12 wights
  An elephant simulacrum (D:13)
  5 killer bees
  2 spriggan skeletons (Crypt:3)
  An electric eel (Lair:5)
  16 howler monkeys
  3 bombardier beetles
  4 centaur zombies
  4 jellies
  12 orc priests
  3 hounds
  A human zombie (D:8)
  A gnoll bouda (D:7)
  A sleepcap (D:7)
  A black bear skeleton (Crypt:3)
  5 orc wizards
  2 iguanas (D:7)
  A spriggan simulacrum (IceCv)
  A polar bear simulacrum (IceCv)
  A troll simulacrum (IceCv)
  A wolf simulacrum (D:13)
  A killer bee zombie (D:8)
  A hound zombie (Crypt:1)
  2 mummies (D:8)
  2 howler monkey zombies (D:8)
  8 gnolls
  8 adders
  4 naga simulacra (D:13)
  2 shadow imps
  3 white imps
  6 ufetubi
  4 dart slugs
  A ribbon worm (D:3)
  44 orcs
  10 endoplasms
  2 giant cockroaches
  10 goblins
  9 hobgoblins
  5 jackals (D:1)
  5 quokkas
  3 ball pythons
  11 bats
  3 frilled lizards
  13 kobolds
  An orc zombie (Crypt:1)
  A quokka skeleton (Crypt:2)
  6 rats
  3 aspiring fleshes
2251 creatures vanquished.

Vanquished Creatures (collateral kills)
  Mlioglotl (Snake:1)
  Aizul (Snake:1)
  An orc warlord (Orc:2)
  3 death yaks (D:8)
  3 naga warriors
  2 deep elf archers (Elf:1)
  2 deep elf pyromancers (Elf:1)
  2 orc sorcerers (Orc:2)
  A naga mage (Snake:1)
  3 molten gargoyles (D:9)
  A torpor snail (Lair:5)
  A yak (D:9)
  2 vampire mosquitoes (D:11)
  2 nagas (Snake:2)
  An orc warrior (Orc:2)
  A bullfrog (Lair:5)
  A white imp (D:7)
28 creatures vanquished.

Vanquished Creatures (others)
  A draconian shifter (Zot:3)
  A salamander tyrant (Snake:4)
  A shock serpent (Snake:3)
  A deep elf knight (Elf:1)
  A deep elf archer (Elf:1)
  2 deep elf zephyrmancers (Elf:1)
  3 bloated husks
  2 yaks
  Grum (D:9)
  4 nagas
  A swamp drake (Swamp:3)
  A wolf (D:9)
  A killer bee (D:11)
  4 foxfires
  14 spectral weapons
38 creatures vanquished.

Grand Total: 2317 creatures vanquished

Notes
Turn   | Place    | Note
-------+----------+-------------------------------------------
     0 | D:1      | kuniqs the Vine Stalker Berserker began the quest for the
                  | Orb.
     0 | D:1      | Reached XP level 1. HP: 11/11 MP: 2/2
   124 | D:1      | Reached XP level 2. HP: 15/16 MP: 3/3
   236 | D:1      | Reached skill level 1 in Invocations
   278 | D:1      | Reached XP level 3. HP: 16/20 MP: 1/4
   286 | D:1      | Reached ** piety under Trog
   400 | D:1      | Found a faded altar of an unknown god.
  1246 | D:2      | Reached XP level 4. HP: 24/24 MP: 6/6
  2005 | D:3      | Reached skill level 2 in Invocations
  2005 | D:3      | Reached XP level 5. HP: 28/28 MP: 7/7
  2105 | D:3      | Noticed an ice beast
  2113 | D:3      | Killed an ice beast
  2114 | D:3      | Reached XP level 6. HP: 33/33 MP: 8/8
  2800 | D:4      | Found a white marble altar of Elyvilon.
  2993 | D:4      | Reached skill level 5 in Short Blades
  2993 | D:4      | Reached skill level 3 in Invocations
  3124 | D:4      | Reached *** piety under Trog
  3350 | D:5      | Entered Level 5 of the Dungeon
  3353 | D:5      | Identified the +9 falchion "Nyjaeboo" {spect, rCorr Dex+2}
  3477 | D:5      | Reached XP level 7. HP: 36/37 MP: 10/10
  3570 | D:5      | HP: 2/55 [ogre/+0 giant club (19)]
  3807 | D:6      | Reached skill level 1 in Evocations
  3837 | D:6      | Found a staircase to the Ecumenical Temple.
  3849 | Temple   | Entered the Ecumenical Temple
  4013 | D:6      | Identified the +2 spear of Patience {pain, *Slow rF+ Dex+3}
  4123 | D:6      | Gained mutation: You have razor-sharp teeth. [Vine Stalker
                  | growth]
  4123 | D:6      | Reached XP level 8. HP: 42/42 MP: 11/11
  4169 | D:6      | Reached skill level 4 in Invocations
  4429 | D:6      | Found a stormy altar of Qazlal.
  4448 | D:6      | Noticed an unseen horror
  4455 | D:6      | Killed an unseen horror
  4456 | D:6      | Reached skill level 5 in Fighting
  4595 | D:7      | Noticed Jeremiah
  4639 | D:7      | Reached XP level 9. HP: 43/47 MP: 13/13
  4840 | D:7      | Reached skill level 5 in Invocations
  4955 | D:7      | Reached **** piety under Trog
  5215 | D:8      | Noticed Maggie
  5224 | D:8      | Killed Maggie
  5225 | D:8      | Reached XP level 10. HP: 53/53 MP: 15/15
  5278 | D:8      | Found a basalt altar of Yredelemnul.
  5348 | D:8      | Noticed a death yak
  5372 | D:8      | Killed a death yak
  5373 | D:8      | Reached skill level 6 in Invocations
  5491 | D:8      | Found a staircase to the Lair.
  5491 | D:8      | Noticed a death yak
  5491 | D:8      | Noticed a death yak
  5491 | D:8      | Noticed a death yak
  5491 | D:8      | Noticed a death yak
  5507 | D:8      | Killed a death yak
  5508 | D:8      | Reached skill level 5 in Evocations
  5510 | D:8      | Killed a death yak
  5515 | D:8      | Killed a death yak
  5520 | D:8      | Killed a death yak
  5521 | D:8      | Reached skill level 10 in Short Blades
  5521 | D:8      | Reached skill level 7 in Invocations
  5521 | D:8      | Reached XP level 11. HP: 58/58 MP: 13/17
  6034 | D:9      | Noticed Grum
  6042 | D:9      | Killed Grum
  6138 | D:9      | Noticed Erica
  6210 | D:9      | Killed Erica
  6210 | D:9      | Reached ***** piety under Trog
  6282 | D:9      | Reached skill level 8 in Invocations
  6346 | D:9      | Noticed a cyclops
  6361 | D:9      | Killed a cyclops
  6394 | D:9      | Identified a scroll of acquirement
  6422 | D:9      | Acquired the +3 hat of Pondering {ponderous, Will+ MP+10
                  | Int+5}
  6422 | D:9      | Found the +3 hat of Pondering {ponderous, Will+ MP+10
                  | Int+5}
  6547 | D:9      | Reached skill level 1 in Shields
  6552 | D:9      | Noticed a soul eater
  6848 | D:10     | Entered Level 10 of the Dungeon
  6866 | D:10     | Reached XP level 12. HP: 65/65 MP: 19/19
  6880 | D:10     | Reached skill level 5 in Armour
  7123 | D:10     | Found a shimmering blue altar of Sif Muna.
  7156 | D:10     | Found a glowing silver altar of Zin.
  7157 | D:10     | Found a hazy altar of Hepliaklqana.
  7158 | D:10     | Found a shimmering altar of Xom.
  7158 | D:10     | Found an iron altar of Okawaru.
  7158 | D:10     | Found a hide-covered altar of Uskayaw.
  7158 | D:10     | Found a sacrificial altar of Ru.
  7158 | D:10     | Found an opulent altar of Gozag.
  7159 | D:10     | Found a glowing golden altar of the Shining One.
  7161 | D:10     | Found a snail-covered altar of Cheibriados.
  7162 | D:10     | Found a burning altar of Makhleb.
  7271 | D:10     | Found a portal to a secret trove of treasure.
  7833 | D:7      | Noticed Maurice
  7842 | D:7      | Killed Maurice
  7960 | D:7      | Killed Jeremiah
  8012 | D:7      | Found a runed translucent door.
  8013 | D:7      | Noticed Crazy Yiuf
  8645 | D:11     | Found a staircase to the Orcish Mines.
  8762 | D:11     | Acquired the +0 pair of boots "Puf Odig" {rElec}
  8795 | D:11     | Found Nygam's Jewellery Shoppe.
  9127 | D:11     | Reached skill level 9 in Invocations
  9258 | D:11     | Noticed a two-headed ogre
  9266 | D:11     | Killed a two-headed ogre
  9267 | D:11     | Reached XP level 13. HP: 70/70 MP: 20/20
  9277 | D:11     | Found Bobocs's Book Boutique.
  9743 | Lair:1   | Entered Level 1 of the Lair of Beasts
  9842 | Lair:1   | Received a gift from Trog
 10036 | Lair:1   | Identified the +8 plate armour of Tevvi {rF+ Dex+3}
 10139 | Lair:1   | Noticed Harold
 10148 | Lair:1   | Killed Harold
 10292 | Lair:1   | Noticed Amaemon
 10319 | Lair:1   | Killed Amaemon
 10642 | Lair:1   | Found a blossoming altar of Fedhas.
 10972 | Lair:2   | Gained mutation: You are clumsy. (Dex -2) [potion of
                  | mutation]
 10972 | Lair:2   | Lost mutation: You are clumsy. (Dex -2) [potion of
                  | mutation]
 11307 | Lair:2   | Reached skill level 5 in Dodging
 11334 | Lair:2   | Reached skill level 5 in Shields
 11411 | Lair:2   | Found a staircase to the Snake Pit.
 11712 | Lair:2   | Found a staircase to the Swamp.
 11838 | Lair:3   | Reached skill level 10 in Invocations
 11893 | Lair:3   | Found a dark tunnel.
 11906 | Volcano  | Entered a volcano
 11991 | Volcano  | Reached ****** piety under Trog
 12172 | Lair:3   | Reached XP level 14. HP: 66/76 MP: 22/22
 12415 | Lair:3   | Reached skill level 10 in Fighting
 13199 | Lair:4   | Found a viscous altar of Jiyva.
 13204 | Lair:4   | Received a gift from Trog
 13205 | Lair:4   | Found a staircase to the Slime Pits.
 13843 | Lair:5   | Entered Level 5 of the Lair of Beasts
 14675 | Lair:5   | Identified the +5 quarterstaff "Tewubeg" {antimagic,
                  | Stlth+} (Trog gifted it to you on level 5 of the Lair of
                  | Beasts)
 14675 | Lair:5   | Received a gift from Trog
 15063 | Orc:1    | Entered Level 1 of the Orcish Mines
 15179 | Orc:1    | Reached skill level 11 in Invocations
 15182 | Orc:1    | Noticed Fannar
 15192 | Orc:1    | Killed Fannar
 15247 | Orc:1    | Reached XP level 15. HP: 79/81 MP: 24/24
 15296 | Orc:1    | Noticed Erolcha
 15302 | Orc:1    | Killed Erolcha
 15414 | Orc:2    | Entered Level 2 of the Orcish Mines
 15414 | Orc:2    | Found Bacuvus's General Store.
 15514 | Orc:2    | Bought 2 scrolls of teleportation for 78 gold pieces
 15514 | Orc:2    | Bought a scroll of summoning for 123 gold pieces
 15680 | Orc:2    | Noticed an orc warlord
 15689 | Orc:2    | Received a gift from Trog
 15699 | Orc:2    | Killed an orc warlord
 15714 | Orc:2    | Found Soval's Antique Weapon Shoppe.
 15862 | Orc:2    | Found Fesaeqi's Jewellery Shoppe.
 15959 | Orc:2    | Found a staircase to the Elven Halls.
 16045 | Orc:2    | Found Caixusette's Antique Armour Emporium.
 16185 | Orc:2    | Found Vuik's Antique Armour Shop.
 16370 | D:11     | Bought the ring "Naif" {EV+5 Str+4} for 771 gold pieces
 16528 | Snake:1  | Entered Level 1 of the Snake Pit
 16582 | Snake:1  | Found a burning altar of Makhleb.
 16609 | Snake:1  | Reached XP level 16. HP: 87/87 MP: 25/25
 16633 | Snake:1  | Identified the serpent talisman "Zimidd" {rF+ Str+2 Dex+3}
 16633 | Snake:1  | Noticed Aizul
 16641 | Snake:1  | Killed Aizul
 16939 | Snake:1  | Noticed Mlioglotl
 16953 | Snake:1  | Killed Mlioglotl
 17342 | Snake:2  | Noticed Vashnia
 17342 | Snake:2  | Noticed Agnes
 17376 | Snake:2  | Noticed Donald
 17380 | Snake:2  | Killed Donald
 17383 | Snake:2  | Reached skill level 12 in Invocations
 18009 | Snake:2  | Killed Agnes
 18124 | Snake:2  | Killed Vashnia
 18608 | Snake:2  | Reached XP level 17. HP: 87/93 MP: 27/27
 18718 | Snake:2  | Received a gift from Trog
 18761 | Snake:2  | Found Dinn's Magic Scroll Boutique.
 18777 | Snake:2  | Bought a scroll of identify for 36 gold pieces
 18778 | Snake:2  | Bought a scroll of teleportation for 54 gold pieces
 18778 | Snake:2  | Bought a scroll of blinking for 135 gold pieces
 18778 | Snake:2  | Bought a scroll of fog for 72 gold pieces
 19122 | Snake:2  | Noticed Frances
 19129 | Snake:2  | Killed Frances
 20691 | Snake:3  | Reached skill level 10 in Shields
 20716 | Snake:3  | Received a gift from Trog
 20726 | Snake:3  | Noticed Roxanne
 20810 | Snake:4  | Entered Level 4 of the Snake Pit
 21360 | Snake:4  | Reached skill level 10 in Armour
 21670 | Snake:4  | Reached skill level 13 in Invocations
 22187 | Snake:4  | Identified the +7 short sword of the Empty Page {heavy, Fly
                  | rN+ Stlth+} (Trog gifted it to you on level 4 of the Snake
                  | Pit)
 22187 | Snake:4  | Received a gift from Trog
 22423 | Snake:4  | Got a serpentine rune of Zot
 22779 | Elf:1    | Entered Level 1 of the Elven Halls
 22847 | Elf:1    | Reached XP level 18. HP: 98/99 MP: 28/28
 23146 | Elf:1    | Identified the +6 dagger of the Endless Expanse {heavy,
                  | rF+++ rC+ rCorr Dex-3} (Trog gifted it to you on level 1 of
                  | the Elven Halls)
 23146 | Elf:1    | Received a gift from Trog
 24235 | Elf:2    | Found a runed translucent gate.
 24236 | Elf:2    | Found a runed translucent gate.
 24236 | Elf:2    | Found a runed translucent gate.
 24284 | Elf:2    | Noticed Zenata
 24404 | Elf:2    | Killed Zenata
 24774 | Elf:2    | Noticed a deep elf blademaster
 24786 | Elf:2    | Killed a deep elf blademaster
 24869 | Elf:2    | Received a gift from Trog
 25195 | Elf:3    | Entered Level 3 of the Elven Halls
 25195 | Elf:3    | Noticed Saint Roka
 25256 | Elf:3    | Found Vasuikhy's Armour Emporium.
 25301 | Elf:3    | Bought the +1 helmet of Midnight {*Slow rPois rC+ Regen+
                  | rCorr} for 332 gold pieces
 25365 | Elf:3    | Reached skill level 10 in Dodging
 25485 | Elf:3    | Identified the +2 pair of boots "Pauddil" {Harm rPois
                  | Will+}
 25536 | Elf:3    | Received a gift from Trog
 25537 | Elf:3    | Reached skill level 14 in Invocations
 25756 | Elf:3    | Found Vuul's Assorted Antiques.
 25757 | Elf:3    | Found Noggaqoi's Antique Armour Boutique.
 25757 | Elf:3    | Found Laops's Magic Scroll Shop.
 25762 | Elf:3    | Bought a shimmering jade ring for 180 gold pieces
 25762 | Elf:3    | Identified the ring "Cuozyis" {Ice rElec SInv} (You bought
                  | it in a shop on level 3 of the Elven Halls)
 25762 | Elf:3    | Found Givyge's Antique Weapon Boutique.
 25772 | Elf:3    | Bought a scroll of acquirement for 676 gold pieces
 25773 | Elf:3    | Acquired the amulet "Qaaramud" {Reflect Rampage Str+4 SH+5}
 25845 | Elf:3    | Reached XP level 19. HP: 105/105 MP: 30/30
 25901 | Elf:3    | Killed Saint Roka
 26606 | Elf:3    | Identified the ring "Ujuovusm" {Wiz rC+ rCorr}
 26668 | Elf:3    | Identified the +0 scimitar "Taskiose" {freeze, Int+2
                  | Stlth+}
 27112 | Elf:3    | Received a gift from Trog
 27220 | Elf:3    | Identified the +3 sling "Keret Qoig" {speed, rF+ rC-
                  | Stlth+}
 27266 | Elf:3    | Fell from the grace of Trog
 27567 | D:10     | Became a worshipper of Uskayaw the Reveller
 27697 | Swamp:1  | Entered Level 1 of the Swamp
 27701 | Swamp:1  | Reached * piety under Uskayaw
 27705 | Swamp:1  | Reached ** piety under Uskayaw
 27709 | Swamp:1  | Reached *** piety under Uskayaw
 27711 | Swamp:1  | Reached **** piety under Uskayaw
 27713 | Swamp:1  | Reached ***** piety under Uskayaw
 27936 | Swamp:1  | Identified the +1 falchion of Qazlal's Benevolence {drain,
                  | rPois rN+ Will+ rCorr Int-2}
 28095 | Swamp:1  | Paralysed by Trog for 5 turns
 28385 | Swamp:2  | Reached skill level 1 in Stealth
 28408 | Swamp:2  | Paralysed by Trog for 6 turns
 28508 | Swamp:2  | Identified the ring of Ohomu {Fly rCorr Int+2}
 28958 | Swamp:3  | Identified the +5 flail of Bideklirr {freeze, Str+2}
 29105 | Swamp:3  | Reached ****** piety under Uskayaw
 29202 | Swamp:3  | Identified the +5 halberd of the Wraith {heavy, rPois Int+9
                  | Dex+2 Stlth-}
 29440 | Swamp:4  | Entered Level 4 of the Swamp
 29589 | Swamp:4  | Noticed Mara
 29592 | Swamp:4  | Reached XP level 20. HP: 111/111 MP: 32/32
 29592 | Swamp:4  | Killed Mara
 29593 | Swamp:4  | Reached skill level 5 in Stealth
 29614 | Swamp:4  | Reached skill level 15 in Invocations
 29639 | Swamp:4  | Noticed the 27-headed Lernaean hydra
 29642 | Swamp:4  | Killed the 27-headed Lernaean hydra
 29652 | Swamp:4  | Got a decaying rune of Zot
 29944 | Swamp:4  | Noticed Bai Suzhen
 29961 | Swamp:4  | Killed Bai Suzhen
 30443 | D:12     | Noticed Azrael
 30453 | D:12     | Killed Azrael
 30540 | D:12     | Noticed Gastronok
 30547 | D:12     | Killed Gastronok
 31328 | D:13     | Noticed Jorgrun
 31335 | D:13     | Killed Jorgrun
 31444 | D:13     | Found a frozen archway.
 31464 | IceCv    | Entered an ice cave
 31952 | D:13     | Found a gate to the Vaults.
 33189 | D:15     | Entered Level 15 of the Dungeon
 33990 | D:15     | Found a staircase to the Depths.
 34114 | Vaults:1 | Entered Level 1 of the Vaults
 34346 | Vaults:1 | Reached XP level 21. HP: 116/116 MP: 33/33
 34428 | Vaults:1 | Reached skill level 15 in Fighting
 34728 | Vaults:1 | Reached skill level 16 in Invocations
 34868 | Vaults:1 | Noticed Nikola
 34881 | Vaults:1 | Killed Nikola
 34882 | Vaults:1 | Found a runed translucent door.
 35181 | Vaults:2 | Noticed Xtahua
 35197 | Vaults:2 | Killed Xtahua
 35403 | Vaults:2 | Noticed Mennas
 35430 | Vaults:2 | Killed Mennas
 35474 | Vaults:2 | Identified the +0 robe of Mysticism {Rampage rElec rCorr
                  | Slay+2}
 35510 | Vaults:2 | Paralysed by Trog for 2 turns
 35807 | Vaults:2 | You fall into a shaft and drop 2 floors!
 35899 | Vaults:4 | Reached skill level 15 in Shields
 35982 | Vaults:4 | Found Meushro's Antique Weapon Shoppe.
 35987 | Vaults:4 | Bought a faintly glowing quick blade for 780 gold pieces
 35987 | Vaults:4 | Identified the +4 quick blade of Spite {chaos, rN+ Int+3}
                  | (You bought it in a shop on level 4 of the Vaults)
 36189 | Vaults:2 | Found a staircase to the Crypt.
 36189 | Vaults:2 | Found a basalt altar of Yredelemnul.
 36190 | Vaults:2 | Found an ancient bone altar of Kikubaaqudgha.
 36483 | Vaults:2 | Identified the +4 great mace of Peril {pain, Dex+6}
 36568 | Vaults:3 | Reached XP level 22. HP: 123/123 MP: 33/35
 36639 | Vaults:3 | Identified the ring of Ottadon {^Drain rF+ rC+ rCorr}
 37909 | Vaults:4 | Found Tyofos's Antique Weapon Shop.
 38073 | Vaults:4 | Found a runed translucent gate.
 38073 | Vaults:4 | Found a runed translucent gate.
 38073 | Vaults:4 | Found a runed translucent gate.
 38073 | Vaults:4 | Found an opulent altar of Gozag.
 38073 | Vaults:4 | Noticed a golden dragon
 38074 | Vaults:4 | Noticed Angmar's ghost (veteran DrAE)
 38115 | Vaults:4 | Reached skill level 17 in Invocations
 38123 | Vaults:4 | Found Zekash's Jewellery Emporium.
 38314 | Vaults:4 | Noticed a dread lich
 38328 | Vaults:4 | Killed a dread lich
 38339 | Vaults:4 | Identified the staff "Jucel" {rElec rF- SInv Hexes Earth}
 38342 | Vaults:4 | Identified the +1 helmet of Circular Logic {SInv}
 38356 | Vaults:4 | Identified the staff of Gaughaez {rElec rC- rN+ SInv Tloc
                  | Air}
 38434 | Vaults:4 | Found the +3 greatsling "Punk" {acid, rCorr}
 38703 | Crypt:1  | Entered Level 1 of the Crypt
 39485 | Crypt:2  | Identified the storm talisman "Lemyc" {rCorr Int+2 Dex+2}
 39485 | Crypt:2  | Noticed Sojobo
 39523 | Crypt:2  | Paralysed by an air elemental for 1 turns
 39527 | Crypt:2  | Killed Sojobo
 39564 | Crypt:2  | Reached XP level 23. HP: 129/129 MP: 36/36
 39700 | Crypt:2  | Identified the ring of Pyifas {Ice rN+ Str+7 Dex+3 Slay-5}
 39700 | Crypt:2  | Noticed Josephina
 39706 | Crypt:2  | Killed Josephina
 40145 | Crypt:2  | Was forgiven by Trog
 40178 | Crypt:3  | Entered Level 3 of the Crypt
 40255 | Crypt:2  | Found a basalt altar of Yredelemnul.
 40332 | Crypt:3  | Found a staircase to the Tomb.
 40803 | Crypt:3  | Found a basalt altar of Yredelemnul.
 40845 | Crypt:3  | Reached skill level 18 in Invocations
 40866 | Crypt:3  | Identified the staff of the Head {rN+ Str-2 Int+8 Dex-4
                  | Necro}
 40869 | Crypt:3  | Identified the staff of Yggovuf {rN+ Dex+3 Necro}
 42015 | Vaults:4 | You fall into a shaft and drop 1 floor!
 42015 | Vaults:5 | Entered Level 5 of the Vaults
 42057 | Vaults:5 | Reached XP level 24. HP: 129/136 MP: 37/37
 42104 | Vaults:5 | Reached skill level 15 in Armour
 42148 | Vaults:5 | Got a silver rune of Zot
 42307 | Vaults:5 | Identified the +6 great sword of Hubris {freeze, rElec rF+
                  | Stlth-}
 42484 | Vaults:5 | Identified the +2 sling "Jyngutta" {flame, rPois rF+}
 42557 | Vaults:5 | Identified the +6 flail "Egg" {vamp, Will++ Str+3 Int-3}
 42586 | Vaults:5 | Noticed an ancient lich
 42587 | Vaults:5 | Killed an ancient lich
 42878 | Vaults:5 | Identified the +1 leather armour of Liberty {rElec Regen+
                  | Int-2}
 43620 | Depths:1 | Entered Level 1 of the Depths
 43633 | Depths:1 | Reached skill level 15 in Dodging
 43652 | Depths:1 | Found a gateway to Hell.
 43699 | Depths:1 | Found a sparkling altar of Nemelex Xobeh.
 43713 | Depths:1 | Reached skill level 19 in Invocations
 43763 | Depths:1 | Found a one-way gate to the infinite horrors of the Abyss.
 43832 | Depths:1 | Found a one-way gateway to a ziggurat.
 44141 | Depths:2 | Reached XP level 25. HP: 142/142 MP: 37/37
 44538 | Depths:2 | Identified the ring "Viemos" {Will+ rCorr MP-9 Int-3 Dex+3}
 44695 | Depths:2 | Found a one-way gate leading to the halls of Pandemonium.
 44885 | Depths:2 | Found a glowing golden altar of the Shining One.
 45527 | Depths:4 | Entered Level 4 of the Depths
 45618 | Depths:4 | Identified the orb of Zezeb {*channel, Str+3}
 45618 | Depths:4 | Noticed Frederick
 45623 | Depths:4 | Killed Frederick
 45757 | Depths:4 | Noticed Plog's ghost (adept DgCj)
 45901 | Depths:4 | Found a gate to the Realm of Zot.
 45907 | Depths:4 | Got a midnight gem with 891 turns to spare
 46032 | Depths:4 | Found a runed translucent gate.
 46032 | Depths:4 | Found a runed translucent gate.
 46032 | Depths:4 | Found a runed translucent gate.
 46273 | Depths:4 | Killed Plog's ghost
 46307 | Depths:4 | Identified the scarf "Kuvim" {+Inv, Fly}
 46627 | D:10     | You paid a toll of a +8 demon blade to enter a treasure
                  | trove
 46628 | Trove    | Entered a treasure trove
 46942 | Zot:1    | Entered Level 1 of the Realm of Zot
 47000 | Zot:1    | Reached XP level 26. HP: 141/149 MP: 37/37
 47106 | Zot:1    | Reached skill level 20 in Invocations
 47176 | Zot:1    | Noticed an orb of fire
 47192 | Zot:1    | Killed an orb of fire
 48028 | Zot:2    | Noticed Vv
 48045 | Zot:2    | Killed Vv
 48358 | Zot:2    | Noticed an orb of fire
 48362 | Zot:2    | Killed an orb of fire
 48885 | Zot:3    | Noticed a Killer Klown
 48896 | Zot:3    | Killed a Killer Klown
 49126 | Zot:3    | Found a transporter.
 49130 | Zot:3    | Found a transporter.
 49130 | Zot:3    | Found a transporter.
 49192 | Zot:3    | Reached XP level 27. HP: 155/155 MP: 38/38
 49214 | Zot:3    | Found a transporter.
 49478 | Zot:4    | Noticed an orb of fire
 49485 | Zot:4    | Gained mutation: You are strong-willed. (Will+) [an orb of
                  | fire]
 49491 | Zot:4    | Gained mutation: You are agile. (Dex +4, Str/Int -1) [an
                  | orb of fire]
 49493 | Zot:4    | Killed an orb of fire
 49703 | Zot:4    | Reached skill level 21 in Invocations
 49799 | Zot:4    | Noticed an orb of fire
 49803 | Zot:4    | Lost mutation: You are agile. (Dex +4, Str/Int -1) [an orb
                  | of fire]
 49813 | Zot:4    | Killed an orb of fire
 50810 | Zot:5    | Entered Level 5 of the Realm of Zot
 51009 | Zot:5    | Noticed an orb of fire
 51010 | Zot:5    | Noticed a dread lich
 51012 | Zot:5    | Noticed an orb of fire
 51018 | Zot:5    | Killed an orb of fire
 51018 | Zot:5    | Noticed an orb of fire
 51020 | Zot:5    | Noticed a dread lich
 51022 | Zot:5    | Gained mutation: You are dopey. (Int -2) [an orb of fire]
 51023 | Zot:5    | Gained mutation: You are vulnerable to cold. (rC-) [an orb
                  | of fire]
 51040 | Zot:5    | Killed an orb of fire
 51046 | Zot:5    | Killed an orb of fire
 51067 | Zot:5    | Killed a dread lich
 51080 | Zot:5    | Killed a dread lich
 51090 | Zot:5    | Gained mutation: You have hidden genetic defects. [a
                  | shining eye]
 51288 | Zot:5    | Lost mutation: You are dopey. (Int -2) [potion of mutation]
 51288 | Zot:5    | Lost mutation: You are vulnerable to cold. (rC-) [potion of
                  | mutation]
 51288 | Zot:5    | Gained mutation: You are dopey. (Int -2) [potion of
                  | mutation]
 51288 | Zot:5    | Gained mutation: Your skin changes colour to match your
                  | surroundings (Stealth+). [potion of mutation]
 51288 | Zot:5    | Lost mutation: You are strong-willed. (Will+) [potion of
                  | mutation]
 51289 | Zot:5    | Lost mutation: Your skin changes colour to match your
                  | surroundings (Stealth+). [potion of mutation]
 51289 | Zot:5    | Lost mutation: You have hidden genetic defects. [potion of
                  | mutation]
 51289 | Zot:5    | Gained mutation: You are strong-willed. (Will+) [potion of
                  | mutation]
 51289 | Zot:5    | Gained mutation: You passively map a small area around you.
                  | [potion of mutation]
 51289 | Zot:5    | Gained mutation: You have large cloven feet. [potion of
                  | mutation]
 51292 | Zot:5    | Got the Orb of Zot
 51843 | D:$      | Escaped with the Orb!

Illustrated notes

Levels and vault maps discovered:
D:1:      tarquinn_simple_flora_water_e, layout_basic,
          hellmonk_ecumenical_altar_run_dry, minmay_distorted
D:2:      layout_basic
D:3:      layout_loops_corners
D:4:      layout_loops_ring, elyvilon_altar_5
D:5:      layout_rooms
D:6:      layout_loops_cross, mainiacjoe_overflow_catwalk,
          minmay_temple_entry_grid
D:7:      kennysheep_windowed_halls, layout_basic,
          corexii_mini_fake_secret_closet, kennysheep_generic_room_13,
          uniq_menkaure, uniq_maurice, uniq_jeremiah, uniq_crazy_yiuf_cottage
D:8:      layout_loops_cross, lemuel_mausoleum_altar_yredelemnul,
          dpeg_lair_monsters, hangedman_abyss_or_decor_jellyfish_corner,
          uniq_maggie
D:9:      layout_rooms, minivault_8, uniq_erica, uniq_grum
D:10:     kennysheep_steamy, layout_basic, minitemple,
          nicolae_trove_entry_path_of_doom, due_unseen_surprise
D:11:     layout_stronghold, orc_0_dummy, serial_shops, shop_coins,
          nicolae_shop_hallway_plus
D:12:     layout_basic, uniq_gastronok, uniq_azrael
D:13:     layout_loops_ring, erik_vaults_2, portal_ice_cave_entry_ice_simulacra,
          kennysheep_cluttered_room, kennysheep_four_rooms, uniq_jorgrun
D:14:     layout_basic, hex_tiny
D:15:     grunt_enter_depths_snipers, layout_basic, minmay_misc_feat_roman
Temple:   hellmonk_temple_flake
Lair:1:   layout_small_grid, tgw_fedhas, uniq_amaemon, uniq_harold
Lair:2:   layout_long_grid, mainiacjoe_swamp_entry_lozenge_pond,
          minmay_snake_entry_guardpost_medium
Lair:3:   layout_regular_city, enter_volcano_1
Lair:4:   layout_small_grid, minmay_slime_entry_pillars,
          mumra_transporter_accident, nicolae_lair_grove_arrangements
Lair:5:   minmay_lair_end_frog_pond, layout_regular_city
Swamp:1:  layout_basic_swamp, evilmike_swamp_ruin_house_3,
          nicolae_swamp_tree_isthmus, infiniplex_staircase_pool
Swamp:2:  layout_basic_swamp, nicolae_swamp_big_swirl, swamp_pool_1_2
Swamp:3:  layout_falls_marsh, evilmike_swamp_ruin_house_1
Swamp:4:  swamp_alternative, layout_basic_swamp, infiniplex_staircase_pool_2,
          uniq_bai_suzhen, uniq_mara
Snake:1:  layout_cave_shapes, basic_altar, nicolae_triple_integral,
          serial_bayou_shore_b, uniq_mlioglotl, uniq_aizul
Snake:2:  layout_onion_interference, serial_shops, shop, uniq_frances,
          uniq_vashnia, uniq_donald, uniq_agnes
Snake:3:  nicolae_snake_hallway, layout_misc_corridors, grunt_ministairs_6,
          lemuel_fruit_tree, uniq_roxanne
Snake:4:  minmay_snake_end_coiled, layout_misc_corridors
Orc:1:    layout_caves, uniq_fannar, uniq_sonja, uniq_erolcha
Orc:2:    grunt_orc_gardens, layout_caves, grunt_orc_garden, grunt_orc_garden,
          grunt_orc_garden, grunt_orc_garden, serial_shops, shop_statue,
          mines5_lemuel
Elf:1:    nicolae_elf_arrival_no_cutting_in_line, layout_gridlike,
          nicolae_elf_crossing_hall
Elf:2:    nicolae_elf_blades_crystal_corner, layout_gridlike, uniq_zenata
Elf:3:    minmay_elf_hall_x, layout_rooms, serial_shops,
          nicolae_shop_hallway_plus, minmay_shoptagon, uniq_saint_roka
Vaults:1: v_misc_1, hangedman_vaults_hat, hangedman_vaults_river_flow,
          v_pattern_5, nicolae_vaults_offset_grid_hallway_1,
          hangedman_vaults_nails, v_misc_30, nicolae_vaults_big_angled_halls,
          nicolae_vaults_hexular_roomagon, nicolae_vaults_double_plus_1,
          grunt_vaults_hallway_long, v_misc_15, nicolae_vaults_oozy_zoo,
          layout_vaults_maze_snakey, uniq_nikola
Vaults:2: v_misc_11, vaults_room_boxed, nicolae_vaults_octothorpe,
          ontoclasm_vaults_loading_screen, ontoclasm_vaults_hangar, v_misc_11,
          nicolae_vaults_bisected_exclaves, serial_library_hellmonk_open_square,
          st_lines, vaults_standard_mumra_enter_the_diamond,
          nicolae_vaults_heart-shaped_vault, minmay_crypt_entry_necro_gods,
          nicolae_vaults_ring_of_whatevers, vaults_dpeg_ring,
          hangedman_vaults_corner_blocks, layout_vaults_omnibox, uniq_mennas,
          uniq_xtahua
Vaults:3: nicolae_vaults_stairing_the_circle, vaults_room_octagon,
          nicolae_vaults_house_3, v_alt_pattern_2,
          nicolae_vaults_steering_wheel, ontoclasm_vaults_decontamination,
          dpeg_vaults_monster_box, hangedman_vaults_stretched_pinwheel,
          nicolae_vaults_border_crossing, layout_vaults_chaotic_city
Vaults:4: ebering_ghost_gozag, nicolae_vaults_storing_the_good_stuff,
          nicolae_vaults_closet_pinwheel_5, v_misc_13,
          nicolae_vaults_sesquioval_fish, v_misc_3,
          nicolae_vaults_layer_cake_slice, nicolae_vaults_angled_halls,
          layout_vaults_omnigrid, serial_shops, nicolae_shop_hallway_plus, shop,
          shop_statue
Vaults:5: serial_shops
Crypt:1:  layout_gridlike, serial_glass, glass_columns_b, glass_columns_a,
          feat_on_display, due_unseen_surprise, minmay_strange_pillars,
          unseen_surprise_small, minmay_misc_feat_cross,
          grunt_crypt_arrival_webbed
Crypt:2:  layout_regular_city, grunt_megastairs_2, lemuel_upstairs_altar,
          uniq_josephina, uniq_sojobo
Crypt:3:  church_of_pain_bobbens, layout_chaotic_city, tomb_entry_shell_bobbens,
          glass_columns_a
Depths:1: layout_cave_pools, enter_ziggurat_a, abyss_entry, hell_entry,
          nemelex_xobeh_ov_fountains_minmay, serial_bayou_shore_b
Depths:2: minmay_the_grid_3x3 [minmay_the_grid_doors, minmay_the_grid_spin_star,
          minmay_the_grid_medium_cups, minmay_the_grid_tiny_cups,
          minmay_the_grid_mess, minmay_the_grid_zigzag_pyramid,
          minmay_the_grid_spikes, minmay_the_grid_broken_lines,
          minmay_the_grid_prize_shrinking_boxes], layout_cave_pools,
          nicolae_tso_swordbearing_angel, lightli_too_deep,
          grunt_pan_entry_spiral
Depths:3: minmay_distorted_concentric_squares, layout_twisted_cross, hell_entry,
          hangedman_abyss_entry_splay
Depths:4: evilmike_zot_entry_basic, layout_long_grid, gammafunk_ghost_icy,
          pf_dread_powers_of_hell, abyss_entry_crystal, uniq_grunn,
          uniq_frederick
Zot:1:    layout_gridlike
Zot:2:    layout_basic, nicolae_lava_and_water, regret_index_zotdec_banners,
          uniq_vv
Zot:3:    layout_onion, nicolae_diode_intersection
Zot:4:    layout_gridlike, hangedman_zot_decor_tridents
Zot:5:    layout_cathedral_of_symmetry, st_stairs_7, nicolae_zot_crop_circle

Skill      XL: |  1  2  3  4  5  6  7  8  9 10 11 12 13 14 15 16 17 18 19 20 21 22 23 24 25 26 27 |
---------------+----------------------------------------------------------------------------------+-----
Short Blades   | 3 4 5 6 7 8 10 11 12 13 14 | 14.0
Invocations    | 1 2 3 4 5 7 8 9 10 11 12 13 14 15 16 17 18 19 20 21 | 21.7
Fighting       | 3 4 5 6 7 8 9 10 11 12 13 14 15 16 17 18 19 20 | 20.4
Armour         | 2 3 4 5 6 7 8 9 10 11 12 13 14 15 16 17 18 | 18.1
Evocations     | 1 3 4 5 |  5.0
Dodging        | 2 4 5 6 7 8 9 10 11 12 13 14 15 16 18 19 | 19.0
Shields        | 1 3 5 6 7 9 11 12 13 14 15 16 17 18 19 20 | 20.0
Stealth        | 4 8 |  8.0

Action                     |  1- 3 |  4- 6 |  7- 9 | 10-12 | 13-15 | 16-18 | 19-21 | 22-24 | 25-27 || total
---------------------------+-------+-------+-------+-------+-------+-------+-------+-------+-------++-------
  Melee: Short sword       |   147 |   124 |       |       |    46 |       |       |       |       ||   317
         Bite              |    31 |    27 |    40 |   129 |   334 |   521 |  1212 |  1690 |  1361 ||  5345
         Punch             |     1 |     3 |     3 |     3 |       |       |       |       |       ||    10
         Falchion          |       |    13 |   116 |   331 |   732 |   959 |       |       |       ||  2151
         Quick blade       |       |       |       |       |       |   244 |  2372 |  2838 |  2217 ||  7671
  Throw: Javelin           |       |    19 |     2 |       |       |       |       |       |       ||    21
         Dart              |       |       |    11 |       |     3 |     4 |       |       |       ||    18
 Invoke: Berserk           |       |     2 |     6 |     6 |     2 |     4 |     2 |       |       ||    22
         Brothers in Arms  |       |       |       |     4 |     2 |     5 |       |       |       ||    11
         Trog's Hand       |       |       |       |     1 |     2 |     3 |     1 |       |       ||     7
         Renounce Religion |       |       |       |       |       |       |     1 |       |       ||     1
         Grand Finale      |       |       |       |       |       |       |     3 |     2 |     6 ||    11
         Line Pass         |       |       |       |       |       |       |     2 |       |     1 ||     3
         Stomp             |       |       |       |       |       |       |       |       |     5 ||     5
  Evoke: Wand              |       |       |     8 |    11 |     7 |    47 |     1 |     1 |       ||    75
         Phantom mirror    |       |       |       |     2 |     1 |     1 |       |       |       ||     4
         Lightning rod     |       |       |       |       |       |    11 |       |       |       ||    11
         Sack of spiders   |       |       |       |       |       |     1 |     1 |       |       ||     2
         Tin of tremorston |       |       |       |       |       |       |       |       |     2 ||     2
    Use: Scroll            |       |     4 |     2 |     8 |    10 |     9 |     9 |     2 |    15 ||    59
         Potion            |       |     1 |       |     5 |     5 |     2 |       |       |     8 ||    21
   Stab: Distracted        |     1 |       |     1 |     9 |    14 |    20 |     2 |       |       ||    47
         Invisible         |       |       |       |       |     4 |       |       |       |       ||     4
         Paralysed         |       |       |       |       |       |       |   154 |   165 |   108 ||   427
         Confused          |       |       |       |       |       |       |       |    30 |     1 ||    31
         Petrifying        |       |       |       |       |       |       |       |     5 |       ||     5
         Held in net/web   |       |       |       |       |       |       |       |    10 |       ||    10
 Armour: Animal skin       |    10 |       |       |       |       |       |       |       |       ||    10
         Ring mail         |    71 |     9 |       |       |       |       |       |       |       ||    80
         Scale mail        |       |    52 |    27 |       |       |       |       |       |       ||    79
         Plate armour      |       |       |    74 |   282 |   623 |   424 |   376 |   330 |   311 ||  2420
  Dodge: Dodged            |    98 |    48 |    54 |    99 |   266 |   320 |   300 |   316 |   220 ||  1721
  Block: Buckler           |       |       |       |    43 |   295 |    11 |       |       |       ||   349
         Tower shield      |       |       |       |       |       |   922 |  1119 |  1351 |  1026 ||  4418
         Reflection        |       |       |       |       |       |       |   102 |    18 |    12 ||   132
